 Dungeon Crawl Stone Soup version 0.28.0-45-g0d030f2227 (webtiles) character file.

Game seed: 913318578390820295

4926 nickcage the Frost Mage (level 10, 0/53 HPs)
             Began as a Deep Elf Ice Elementalist on Apr 12, 2022.
             Was a Follower of Vehumet.
             Slain by Joseph
             ... wielding a +2 quarterstaff of distortion
              (9 damage)
             ... on level 7 of the Dungeon.
             The game lasted 00:35:22 (9201 turns).

nickcage the Frost Mage (Deep Elf Ice Elementalist) Turns: 9201, Time: 00:35:23

Health: 0/53       AC: 19    Str:  5    XL:     10   Next: 27%
Magic:  13/34      EV: 12    Int: 25    God:    Vehumet [*.....]
Gold:   421        SH:  0    Dex: 15    Spells: 12/27 levels left

rFire   . . .      SeeInvis .   c - staff of cold
rCold   + . .      Faith    .   (no shield)
rNeg    . . .      Spirit   .   a - +0 robe
rPois   .          Reflect  .   (no helmet)
rElec   .          Harm     .   C - +1 cloak
rCorr   .          Rampage  .   (no gloves)
Will    +....                   (no boots)
Stlth   ++........              x - amulet of regeneration
HPRegen 0.97/turn               m - ring of magical power
MPRegen 0.24/turn               s - +4 ring of protection

@: ice-armoured
A: no striking features
a: Renounce Religion


You were on level 7 of the Dungeon.
You worshipped Vehumet.
Vehumet was aware of your devotion.
You visited 2 branches of the dungeon, and saw 8 of its levels.

You collected 421 gold pieces.

Inventory:

Hand Weapons
 b - a +0 dagger
 d - a +0 whip of venom
 k - a +1 quarterstaff of speed
 u - a +1 whip of flaming
 D - the +4 trident of the Pariah {holy, rElec Dex+3}
   (You found it on level 7 of the Dungeon)

   It has been blessed by the Shining One to cause great damage to the undead
   and demons.
   Dex:       It affects your dexterity (+3).
   rElec:     It insulates you from electricity.
Missiles
 y - 14 poisoned darts
Armour
 a - a +0 robe (worn)
 C - a +1 cloak (worn)
Magical Staves
 c - a staff of cold (weapon)
Jewellery
 h - a ring of see invisible
 l - a ring of fire
 m - a ring of magical power (left hand)
 s - a +4 ring of protection (right hand)
 x - an amulet of regeneration (around neck)
 F - a ring of resist corrosion
Wands
 p - a wand of polymorph (7)
 B - a wand of flame (14)
Scrolls
 g - 2 scrolls of identify
 t - a scroll of teleportation
 A - 2 scrolls of fear {unknown}
 E - a scroll of brand weapon {unknown}
Potions
 e - 4 potions of heal wounds
 f - 3 potions of ambrosia
 i - 2 potions of attraction
 n - a potion of flight
 q - a potion of curing
 w - a potion of haste
 z - a potion of resistance


   Skills:
 * Level 2.1 Fighting
 - Level 2.1 Staves
 - Level 2.4 Dodging
 - Level 2.4 Stealth
 + Level 9.4 Spellcasting
 - Level 8.0 Conjurations
 - Level 4.1 Fire Magic
 + Level 11.7 Ice Magic


You had 12 spell levels left.
You knew the following spells:

 Your Spells              Type           Power      Damage    Failure   Level
a - Freeze                Ice            100%       1d11      1%          1
b - Frozen Ramparts       Ice            100%       1d12      1%          3
c - Ozocubu's Armour      Ice            81%        N/A       1%          3
d - Hailstorm             Conj/Ice       75%        3d15      1%          4
e - Sticky Flame          Conj/Fire      42%        2d6       4%          4

Your spell library contained the following spells:

 Spells                   Type           Power      Damage    Failure   Level
 Sandblast                Erth           22%        2d7       5%          1
 Conjure Flame            Conj/Fire      42%        6-21      1%          3
 Ignite Poison            Fire/Tmut/Pois 18%        N/A       9%          3


Dungeon Overview and Level Annotations

Branches:
Dungeon (7/15)             Temple (1/1) D:6

Altars:
Ashenzari
Cheibriados
Dithmenos
Elyvilon
Fedhas
Gozag
Hepliaklqana
Kikubaaqudgha
Makhleb
Nemelex Xobeh
Okawaru
Qazlal
Ru
Sif Muna
Trog
Uskayaw
Vehumet
Wu Jian
Xom
Yredelemnul
Zin
The Shining One

Annotations:
D:3 2 transporters
D:7 Joseph


Message History

Casting: Ozocubu's Armour (safe; 1% risk of failure)
Confirm with . or Enter, or press ? or * to list all spells.
You can't see any susceptible monsters within range! (Use Z to cast anyway.)
Casting: Ozocubu's Armour (safe; 1% risk of failure)
Confirm with . or Enter, or press ? or * to list all spells.
Casting: Frozen Ramparts (safe; 1% risk of failure)
Press: ? - help, Dir - look around, f - activate You feel a surge of power!
The walls around you are covered in ice.
The wall freezes Joseph!
Casting: Frozen Ramparts (safe; 1% risk of failure)
Confirm with . or Enter, or press ? or * to list all spells.
Aiming: Sticky Flame (dangerous; 4% risk of failure)
Press: ? - help, Shift-Dir - straight line, f - Joseph
Aim: Joseph, wielding a +0 hunting sling, wearing a +1 leather armour of fire resistance and quivering sling bullets (severely wounded, 100% to hit)
The sticky flame hits Joseph.
Joseph resists.
Joseph is severely wounded.
Joseph is covered in liquid flames!
Joseph burns!
The wall freezes Joseph.
Joseph unwields a +0 hunting sling.
Joseph wields a +2 quarterstaff of distortion.
Its appearance distorts for a moment.
Joseph hits you with a +2 quarterstaff of distortion!
You blink.
Your icy armour cracks and falls away as you move.
The frozen ramparts melt away as you move.
Joseph burns!
Casting: Sticky Flame (dangerous; 4% risk of failure)
Confirm with . or Enter, or press ? or * to list all spells.
You feel a surge of power! A film of ice covers your body!
Joseph burns!
Joseph hits you with a +2 quarterstaff of distortion!
* * * LOW HITPOINT WARNING * * *
You are too injured to fight recklessly!
Aiming: Freeze (safe; 1% risk of failure)
Press: ? - help, Q - select action, (/) - cycle Shift-Dir - straight line, f/p - Joseph
Aim: Joseph, wielding a +2 quarterstaff of distortion, wearing a +1 leather armour of fire resistance and quivering sling bullets (severely wounded, covered in liquid flames)
You feel a surge of power!
You freeze Joseph.
Joseph is severely wounded.
Joseph burns!
Joseph stops burning.
Joseph hits you with a +2 quarterstaff of distortion!
You die...

#####..†..........###+###........
#..#...#..........# ...##########
#......#..........# ...##.....##.
#.........?..##...# ...##......'.
##########...##...##...##......#.
#.....#...#....##.....##.
#.....#...#....##.....##.
#.....#..@#....#.........
#.....'.@.'....#.....)...
#.....##...####.###...###.
####..#############...###.
#.......................
#....................... ##..
#..##.##..##...##..
#####..##.###'##...####
#..........#........
#..(.......#........


You could see Joseph.

Vanquished Creatures
  A two-headed ogre (D:7)
  Pikel (D:4)
  A hornet (D:7)
  Prince Ribbit (D:7)
  Sigmund (D:3)
  A yak (D:6)
  A steam dragon (D:6)
  Edmund (D:6)
  An acid dragon (D:7)
  2 water moccasins
  2 black bears
  2 ice beasts (D:6)
  A sky beast (D:6)
  2 necrophages
  4 ogres
  A phantom (D:5)
  A centaur (D:5)
  2 kobold brigands
  The ghost of zeratav the Insei, an amateur OpTm (D:3)
  A lemure (D:4)
  3 scorpions
  2 bullfrogs (D:7)
  A wyvern zombie (D:6)
  A wight (D:6)
  4 howler monkeys
  2 orc priests
  Crazy Yiuf (D:6)
  3 centaur skeletons
  A bullfrog skeleton (D:7)
  3 hounds
  5 jellies
  A gnoll shaman (D:5)
  2 iguanas
  Natasha (thrice) (D:3)
  An orc wizard (D:6)
  A killer bee zombie (D:5)
  A hound skeleton (D:4)
  A howler monkey zombie (D:5)
  9 gnolls
  6 adders
  2 shadow imps (D:7)
  2 white imps (D:6)
  An ufetubus (D:5)
  A worm (D:2)
  An adder skeleton (D:5)
  A dart slug (D:2)
  8 orcs
  7 ball pythons
  9 endoplasms
  2 giant cockroaches
  5 goblins
  6 hobgoblins
  6 jackals
  9 kobolds
  6 quokkas
  3 bats
  4 frilled lizards
  10 rats
162 creatures vanquished.

Vanquished Creatures (others)
  An ufetubus (D:6)
1 creature vanquished.

Grand Total: 163 creatures vanquished

Notes
Turn   | Place    | Note
-------+----------+-------------------------------------------
     0 | D:1      | nickcage the Deep Elf Ice Elementalist began the quest for
                  | the Orb.
     0 | D:1      | Reached XP level 1. HP: 10/10 MP: 6/6
   199 | D:1      | Reached XP level 2. HP: 15/15 MP: 5/8
   249 | D:1      | Reached skill level 5 in Ice Magic
   901 | D:1      | Reached XP level 3. HP: 19/19 MP: 7/9
  1143 | D:1      | Learned a level 3 spell: Frozen Ramparts
  1147 | D:1      | Learned a level 3 spell: Ozocubu's Armour
  1416 | D:2      | Reached skill level 6 in Ice Magic
  1504 | D:2      | Found a hide-covered altar of Uskayaw.
  1526 | D:2      | Noticed an ogre
  1533 | D:2      | Killed an ogre
  1534 | D:2      | Reached skill level 7 in Ice Magic
  1534 | D:2      | Reached XP level 4. HP: 24/24 MP: 2/10
  1534 | D:2      | Reached XP level 5. HP: 28/28 MP: 2/11
  2084 | D:2      | Found a faded altar of an unknown god.
  2132 | D:3      | Noticed Natasha
  2139 | D:3      | Killed Natasha
  2202 | D:3      | Found a transporter.
  2327 | D:3      | Noticed Sigmund
  2333 | D:3      | Killed Sigmund
  2334 | D:3      | Reached XP level 6. HP: 32/32 MP: 15/15
  2380 | D:3      | Found a transporter.
  2384 | D:3      | Noticed a kobold demonologist
  2685 | D:3      | Noticed Natasha
  2689 | D:3      | Killed Natasha
  2690 | D:3      | Reached skill level 5 in Spellcasting
  2747 | D:3      | Found a runed translucent door.
  2748 | D:3      | Noticed zeratav's ghost (amateur OpTm)
  2753 | D:3      | Killed zeratav's ghost
  2754 | D:3      | Reached skill level 8 in Ice Magic
  2869 | D:3      | Noticed Natasha
  2876 | D:3      | Killed Natasha
  3298 | D:4      | Learned a level 4 spell: Hailstorm
  3305 | D:4      | Reached XP level 7. HP: 26/36 MP: 15/18
  4394 | D:4      | Noticed Pikel
  4476 | D:4      | Killed Pikel
  4477 | D:4      | Reached skill level 9 in Ice Magic
  4477 | D:4      | Reached XP level 8. HP: 41/41 MP: 22/22
  4519 | D:4      | Reached skill level 10 in Ice Magic
  4908 | D:5      | Entered Level 5 of the Dungeon
  6052 | D:5      | Reached skill level 11 in Ice Magic
  6186 | D:5      | Reached XP level 9. HP: 45/45 MP: 23/23
  6417 | D:6      | Learned a level 4 spell: Sticky Flame
  6452 | D:6      | Found a staircase to the Ecumenical Temple.
  6465 | D:6      | Reached skill level 1 in Fire Magic
  6472 | Temple   | Entered the Ecumenical Temple
  6672 | Temple   | Became a worshipper of Vehumet
  6737 | D:6      | Noticed Edmund
  6743 | D:6      | Killed Edmund
  7426 | D:6      | Identified a scroll of acquirement
  7426 | D:6      | Acquired a staff of cold
  7655 | D:6      | Reached skill level 5 in Conjurations
  7804 | D:6      | Reached * piety under Vehumet
  7804 | D:6      | Offered knowledge of Sandblast by Vehumet.
  7869 | D:6      | Found a hazy altar of Hepliaklqana.
  7952 | D:6      | Found a runed translucent door.
  7953 | D:6      | Noticed Crazy Yiuf
  7960 | D:6      | Killed Crazy Yiuf
  8300 | D:7      | Identified the +4 trident of the Pariah {holy, rElec Dex+3}
  8596 | D:7      | Reached skill level 1 in Staves
  8749 | D:7      | Reached skill level 1 in Fighting
  8749 | D:7      | Reached XP level 10. HP: 52/52 MP: 23/24
  8877 | D:7      | Noticed a two-headed ogre
  8883 | D:7      | Killed a two-headed ogre
  8997 | D:7      | Noticed Prince Ribbit
  9015 | D:7      | Killed Prince Ribbit
  9187 | D:7      | Noticed Joseph
  9201 | D:7      | Slain by Joseph

Illustrated notes

Levels and vault maps discovered:
D:1:      sevenhm_arrival_forest_fort_small_6, layout_loops_cross
D:2:      layout_rooms, basic_altar, hellmonk_ecumenical_altar_heavens_door,
          chequers_serial_rivers_small_b
D:3:      gammafunk_wand_slinger, layout_basic, gammafunk_ghost_grave,
          uniq_sigmund, uniq_natasha
D:4:      layout_layer_cave, serial_park_tiny_2, grunt_decor_arrowhead,
          uniq_pikel
D:5:      minmay_inner_zag, layout_cave_pools
D:6:      minmay_opposing_rooms, layout_cave_pools, kennysheep_mini_moat,
          minmay_temple_entry_statues_fountains, uniq_edmund,
          uniq_crazy_yiuf_cottage
D:7:      layout_gridville, uniq_joseph, uniq_prince_ribbit1
Temple:   mainiacjoe_temple_starburst

Skill      XL: |  1  2  3  4  5  6  7  8  9 10 |
---------------+-------------------------------+-----
Ice Magic      | 5 7 8 9 11 | 11.7
Spellcasting   | 4 6 8 9 |  9.4
Conjurations   | 2 3 8 |  8.0
Fire Magic     | 4 |  4.1
Staves         | 1 2 |  2.1
Fighting       | 1 2 |  2.1
Dodging        | |  2.4
Stealth        | |  2.4

Action                   |  1- 3 |  4- 6 |  7- 9 | 10-12 || total
-------------------------+-------+-------+-------+-------++-------
Melee: Whip              |     9 |     5 |       |       ||    14
       Quarterstaff      |       |     9 |    57 |       ||    66
       Staff             |       |       |    20 |     8 ||    28
       Punch             |       |       |     2 |       ||     2
 Cast: Freeze            |    49 |    21 |   113 |    11 ||   194
       Frozen Ramparts   |     4 |     8 |    46 |     6 ||    64
       Ozocubu's Armour  |     1 |     6 |    36 |     6 ||    49
       Sticky Flame      |       |       |    14 |     5 ||    19
Evoke: Wand              |       |       |     2 |       ||     2
  Use: Scroll            |       |       |    15 |       ||    15
 Stab: Sleeping          |     3 |     2 |       |       ||     5
Armor: Robe              |     6 |     4 |    78 |    13 ||   101
Dodge: Dodged            |    24 |    23 |   104 |     7 ||   158
